[ AOE2 MATCH · #472052182 ]
Team RMBohemians vs Franks
[ REPLAY ANALYSIS · EXTRACTED FROM THE RECORDED GAME ]
Feudal
12:43
Castle
18:16
Imperial
35:49
| APM avg | 18.0 |
| APM peak | 58 |
| eAPM avg | 9.9 |
| Villagers / military | 76 / 73 |
Focus
⚔️ 24.6% · 🌾 75.4%
Hussite Wagon ×67 · Fishing Ship ×17 · Trade Cart ×8 · Bombard Cannon ×4 · Mangonel ×2
Feudal
18:59
Castle
22:54
Imperial
36:48
| APM avg | 44.3 |
| APM peak | 119 |
| eAPM avg | 23.5 |
| Villagers / military | 138 / 156 |
Focus
⚔️ 24.9% · 🌾 75.1%
Cavalry Archer ×106 · Fire Lancer ×41 · Chu Ko Nu ×5 · Trebuchet (Packed) ×3 · Monk ×1
Feudal
16:46
Castle
20:39
Imperial
38:45
| APM avg | 14.4 |
| APM peak | 42 |
| eAPM avg | 11.2 |
| Villagers / military | 76 / 38 |
Focus
⚔️ 21.2% · 🌾 78.8%
Camel Scout ×16 · Spearman ×13 · Scout Cavalry ×8 · Trade Cart ×4 · Mangonel ×1
Feudal
11:32
Castle
15:52
Imperial
30:51
| APM avg | 30.2 |
| APM peak | 59 |
| eAPM avg | 20.4 |
| Villagers / military | 116 / 170 |
Focus
⚔️ 19.3% · 🌾 80.7%
Knight ×160 · Trade Cart ×17 · Fishing Ship ×7 · Bombard Cannon ×6 · Trebuchet (Packed) ×3 · Monk ×1
Feudal
13:25
Castle
21:02
Imperial
30:51
| APM avg | 14.1 |
| APM peak | 48 |
| eAPM avg | 9.4 |
| Villagers / military | 104 / 79 |
Focus
⚔️ 19.9% · 🌾 80.1%
Scout Cavalry ×54 · Mameluke ×19 · Monk ×3 · Trebuchet (Packed) ×2 · Camel Scout ×1
Feudal
—
Castle
—
Imperial
—
| APM avg | 25.2 |
| APM peak | 79 |
| eAPM avg | 18.4 |
| Villagers / military | 103 / 266 |
Focus
⚔️ 40.6% · 🌾 59.4%
Knight ×253 · Trebuchet (Packed) ×7 · Mangonel ×4 · Monk ×1 · Scout Cavalry ×1
Feudal
12:29
Castle
17:17
Imperial
30:03
| APM avg | 17.2 |
| APM peak | 67 |
| eAPM avg | 12.4 |
| Villagers / military | 97 / 208 |
Focus
⚔️ 26.6% · 🌾 73.4%
Spearman ×108 · Skirmisher ×84 · Militia ×11 · Fishing Ship ×5 · Trebuchet (Packed) ×4 · Monk ×1
Feudal
11:40
Castle
16:25
Imperial
34:09
| APM avg | 22.4 |
| APM peak | 59 |
| eAPM avg | 16.3 |
| Villagers / military | 121 / 132 |
Focus
⚔️ 19.8% · 🌾 80.2%
Mangudai ×126 · Trade Cart ×13 · Trebuchet (Packed) ×5 · Monk ×1
Match map
Initial resources + every placement click. Lines = walls · curves = elevation contours. ◆ gold · ⬟ stone · ● berries · ✦ relic · ◌ wall gap
Your base· ✓ Closed at 18:16 · 0t walls · no gate
折跃blk's base· ✓ Closed at 22:54 · 17t walls · 1 gate(s)
貪生PASS's base· ✓ Closed at 20:39 · 25t walls · 1 gate(s)
wlwz915964's base· ✓ Closed at 15:52 · 0t walls · no gate
Jonathan Jambully's base· ✓ Closed at 21:02 · 10t walls · no gate
atobar1990's base· ✓ Closed at 12:41 · 0t walls · no gate
g u d h e l's base· ✓ Closed at 17:17 · 30t walls · no gate
九黎皇朝's base· ✓ Closed at 16:25 · 20t walls · no gate
Smoothed initial terrain · ◌ = detected wall gap · hover for details
Inputs per minute
— 波多米結依 - - 折跃blk
Build order — 波多米結依
First 150 of 264 actions detected
| 0:09 | Build | House |
| 0:10 | Build | House |
| 0:11 | Build | House |
| 0:12 | Build | House |
| 0:13 | Research | Loom |
| 0:14 | Create | Villager (Male) |
| 0:14 | Create | Villager (Male) |
| 0:14 | Create | Villager (Male) |
| 0:15 | Create | Villager (Male) |
| 2:07 | Create | Villager (Male) |
| 3:30 | Create | Villager (Male) |
| 3:30 | Create | Villager (Male) |
| 4:03 | Create | Villager (Male) |
| 4:04 | Create | Villager (Male) |
| 4:29 | Create | Villager (Male) |
| 4:29 | Create | Villager (Male) |
| 4:57 | Create | Villager (Male) |
| 5:30 | Create | Villager (Male) |
| 6:12 | Create | Villager (Male) |
| 7:01 | Build | Mill |
| 7:38 | Create | Villager (Male) |
| 7:38 | Create | Villager (Male) |
| 7:38 | Create | Villager (Male) |
| 8:18 | Create | Villager (Male) |
| 8:18 | Create | Villager (Male) |
| 8:18 | Create | Villager (Male) |
| 9:04 | Create | Villager (Male) |
| 9:21 | Build | Lumber Camp |
| 9:34 | Build | Mining Camp |
| 10:09 | Build | House |
| 10:09 | Build | House |
| 10:11 | Build | House |
| 10:12 | Build | House |
| 10:24 | Research | Feudal Age |
| 12:42 | Create | Villager (Male) |
| 12:42 | Create | Villager (Male) |
| 12:43 | Age | Feudal Age |
| 13:37 | Build | Market |
| 13:43 | Build | Blacksmith |
| 13:49 | Create | Villager (Male) |
| 13:49 | Create | Villager (Male) |
| 14:20 | Build | Farm |
| 14:30 | Research | Double-Bit Axe |
| 14:50 | Build | Dock |
| 15:07 | Create | Villager (Male) |
| 15:35 | Build | Mining Camp |
| 15:36 | Research | Castle Age |
| 16:36 | Create | Fishing Ship |
| 16:37 | Create | Fishing Ship |
| 17:04 | Create | Fishing Ship |
| 17:36 | Create | Fishing Ship |
| 17:45 | Build | Farm |
| 17:46 | Build | Farm |
| 18:04 | Research | Tech 906 |
| 18:16 | Age | Castle Age |
| 18:22 | Build | Town Center |
| 18:42 | Build | Town Center |
| 18:48 | Create | Villager (Male) |
| 18:48 | Create | Villager (Male) |
| 19:17 | Create | Villager (Male) |
| 19:54 | Create | Fishing Ship |
| 20:10 | Create | Villager (Male) |
| 20:33 | Build | Town Center |
| 20:38 | Create | Villager (Male) |
| 20:40 | Create | Villager (Male) |
| 20:49 | Create | Fishing Ship |
| 20:50 | Create | Fishing Ship |
| 21:06 | Create | Villager (Male) |
| 21:07 | Create | Villager (Male) |
| 21:07 | Create | Villager (Male) |
| 21:07 | Create | Villager (Male) |
| 21:24 | Build | House |
| 21:25 | Build | House |
| 21:26 | Build | House |
| 21:28 | Build | House |
| 21:29 | Build | House |
| 21:30 | Build | House |
| 21:32 | Create | Villager (Male) |
| 21:32 | Create | Villager (Male) |
| 21:33 | Create | Villager (Male) |
| 21:44 | Create | Fishing Ship |
| 21:44 | Create | Fishing Ship |
| 21:56 | Build | Dock |
| 21:59 | Create | Villager (Male) |
| 22:13 | Create | Trade Cart |
| 22:13 | Create | Trade Cart |
| 22:25 | Build | Fish Trap |
| 22:31 | Build | Fish Trap |
| 22:35 | Build | Fish Trap |
| 22:41 | Research | Gillnets |
| 22:51 | Create | Villager (Male) |
| 22:51 | Create | Villager (Male) |
| 23:07 | Build | Fish Trap |
| 23:13 | Create | Fishing Ship |
| 23:14 | Create | Fishing Ship |
| 23:23 | Create | Villager (Male) |
| 23:51 | Build | Fish Trap |
| 23:56 | Build | Fish Trap |
| 24:02 | Create | Villager (Male) |
| 24:15 | Build | Fish Trap |
| 24:17 | Build | Fish Trap |
| 24:20 | Build | Fish Trap |
| 24:21 | Build | Fish Trap |
| 24:39 | Build | Siege Workshop |
| 24:52 | Create | Villager (Male) |
| 24:55 | Create | Villager (Male) |
| 24:55 | Create | Villager (Male) |
| 24:57 | Create | Villager (Male) |
| 25:03 | Build | Fish Trap |
| 25:47 | Research | Bow Saw |
| 25:54 | Build | House |
| 25:55 | Build | House |
| 25:55 | Build | House |
| 25:57 | Build | House |
| 25:58 | Build | House |
| 25:58 | Build | House |
| 26:01 | Create | Villager (Male) |
| 26:01 | Create | Villager (Male) |
| 26:15 | Create | Fishing Ship |
| 26:16 | Create | Fishing Ship |
| 26:20 | Create | Villager (Male) |
| 26:21 | Create | Villager (Male) |
| 26:36 | Build | Siege Workshop |
| 26:44 | Create | Mangonel |
| 26:44 | Create | Mangonel |
| 26:53 | Build | Castle |
| 27:00 | Create | Villager (Male) |
| 27:01 | Create | Villager (Male) |
| 27:06 | Build | Fish Trap |
| 27:11 | Create | Villager (Male) |
| 27:11 | Create | Villager (Male) |
| 27:12 | Create | Villager (Male) |
| 27:12 | Create | Villager (Male) |
| 28:11 | Build | Fish Trap |
| 28:17 | Create | Villager (Male) |
| 28:18 | Create | Villager (Male) |
| 28:23 | Create | Villager (Male) |
| 28:23 | Create | Villager (Male) |
| 28:46 | Build | House |
| 28:47 | Build | House |
| 28:48 | Build | House |
| 28:56 | Create | Fishing Ship |
| 28:56 | Create | Fishing Ship |
| 29:02 | Create | Villager (Male) |
| 29:02 | Create | Villager (Male) |
| 29:40 | Build | Castle |
| 29:53 | Build | Castle |
| 29:57 | Research | Wagenburg Tactics |
| 30:02 | Build | Fish Trap |
| 30:16 | Create | Fishing Ship |
Build order — 折跃blk
First 150 of 410 actions detected
| 0:00 | Research | Loom |
| 0:01 | Research | Loom |
| 1:57 | Create | Villager (Male) |
| 2:17 | Build | House |
| 2:23 | Build | Palisade Wall |
| 2:31 | Create | Villager (Male) |
| 2:49 | Create | Villager (Male) |
| 3:49 | Build | House |
| 4:06 | Build | House |
| 4:12 | Build | Palisade Wall |
| 4:42 | Create | Villager (Male) |
| 6:22 | Build | Lumber Camp |
| 6:32 | Create | Villager (Male) |
| 6:32 | Create | Villager (Male) |
| 6:53 | Create | Villager (Male) |
| 6:53 | Create | Villager (Male) |
| 7:18 | Create | Villager (Male) |
| 7:45 | Create | Villager (Male) |
| 8:01 | Build | Lumber Camp |
| 8:13 | Create | Villager (Male) |
| 8:42 | Create | Villager (Male) |
| 8:42 | Create | Villager (Male) |
| 8:44 | Create | Villager (Male) |
| 8:45 | Create | Villager (Male) |
| 8:58 | Create | Villager (Male) |
| 8:58 | Create | Villager (Male) |
| 10:57 | Create | Villager (Male) |
| 10:59 | Create | Villager (Male) |
| 11:01 | Create | Villager (Male) |
| 11:01 | Create | Villager (Male) |
| 11:01 | Create | Villager (Male) |
| 11:20 | Build | House |
| 11:28 | Build | House |
| 11:30 | Build | House |
| 11:59 | Build | Mill |
| 12:05 | Build | House |
| 12:12 | Build | House |
| 12:27 | Build | House |
| 12:34 | Build | House |
| 13:04 | Create | Villager (Male) |
| 13:04 | Create | Villager (Male) |
| 13:21 | Create | Villager (Male) |
| 13:21 | Create | Villager (Male) |
| 13:28 | Build | House |
| 13:30 | Build | House |
| 14:00 | Create | Villager (Male) |
| 14:01 | Create | Villager (Male) |
| 14:01 | Create | Villager (Male) |
| 14:01 | Create | Villager (Male) |
| 14:23 | Create | Villager (Male) |
| 14:24 | Create | Villager (Male) |
| 14:24 | Create | Villager (Male) |
| 15:29 | Build | Mill |
| 16:03 | Research | Feudal Age |
| 16:09 | Create | Villager (Male) |
| 16:10 | Research | Feudal Age |
| 16:32 | Build | Mining Camp |
| 17:34 | Create | Villager (Male) |
| 17:50 | Build | Farm |
| 18:59 | Age | Feudal Age |
| 19:04 | Build | Market |
| 19:10 | Build | Blacksmith |
| 19:15 | Create | Villager (Male) |
| 19:16 | Research | Double-Bit Axe |
| 19:17 | Research | Horse Collar |
| 19:47 | Create | Villager (Male) |
| 20:00 | Research | Castle Age |
| 20:05 | Build | Farm |
| 20:07 | Build | Farm |
| 20:09 | Build | Farm |
| 20:15 | Build | Farm |
| 20:47 | Build | Mining Camp |
| 21:02 | Research | Gold Mining |
| 21:02 | Research | Stone Mining |
| 21:28 | Build | Gate |
| 21:33 | Build | Stone Wall |
| 21:33 | Build | Stone Wall |
| 21:34 | Build | Stone Wall |
| 21:39 | Build | Stone Wall |
| 21:45 | Build | House |
| 22:01 | Create | Villager (Male) |
| 22:04 | Research | Wheelbarrow |
| 22:11 | Build | Farm |
| 22:38 | Build | House |
| 22:54 | Age | Castle Age |
| 22:58 | Build | Town Center |
| 23:20 | Build | Town Center |
| 23:26 | Create | Villager (Male) |
| 23:26 | Create | Villager (Male) |
| 23:29 | Research | Bow Saw |
| 23:29 | Research | Heavy Plow |
| 24:08 | Build | Siege Workshop |
| 24:22 | Build | Gate |
| 24:28 | Build | Stone Wall |
| 24:32 | Create | Villager (Male) |
| 24:32 | Create | Villager (Male) |
| 24:33 | Create | Villager (Male) |
| 24:41 | Create | Villager (Male) |
| 24:41 | Create | Villager (Male) |
| 24:43 | Build | Farm |
| 25:23 | Create | Villager (Male) |
| 25:23 | Create | Villager (Male) |
| 25:24 | Create | Villager (Male) |
| 25:29 | Build | Farm |
| 25:35 | Build | Farm |
| 25:41 | Build | Farm |
| 25:44 | Build | Farm |
| 25:46 | Create | Villager (Male) |
| 25:57 | Create | Villager (Male) |
| 26:03 | Build | Farm |
| 26:05 | Build | Farm |
| 26:09 | Build | Farm |
| 26:14 | Build | Farm |
| 26:19 | Build | Farm |
| 26:23 | Build | Farm |
| 26:23 | Create | Villager (Male) |
| 26:30 | Build | Farm |
| 26:31 | Create | Villager (Male) |
| 26:46 | Create | Villager (Male) |
| 26:46 | Create | Villager (Male) |
| 26:58 | Create | Villager (Male) |
| 27:03 | Build | Farm |
| 27:07 | Build | Farm |
| 27:07 | Create | Villager (Male) |
| 27:08 | Create | Villager (Male) |
| 27:16 | Create | Villager (Male) |
| 27:30 | Create | Villager (Male) |
| 27:32 | Create | Villager (Male) |
| 27:36 | Build | Farm |
| 27:39 | Build | Farm |
| 27:41 | Build | Farm |
| 27:42 | Create | Villager (Male) |
| 27:43 | Create | Villager (Male) |
| 28:10 | Create | Villager (Male) |
| 28:10 | Create | Villager (Male) |
| 28:10 | Create | Villager (Male) |
| 28:10 | Create | Villager (Male) |
| 28:43 | Create | Villager (Male) |
| 28:43 | Create | Villager (Male) |
| 28:44 | Create | Villager (Male) |
| 28:44 | Create | Villager (Male) |
| 28:50 | Build | Town Center |
| 28:52 | Create | Villager (Male) |
| 28:53 | Create | Villager (Male) |
| 29:09 | Create | Villager (Male) |
| 29:09 | Create | Villager (Male) |
| 29:15 | Build | House |
| 29:17 | Build | House |
| 29:17 | Build | House |
| 29:24 | Build | House |
Build order — 貪生PASS
First 150 of 248 actions detected
| 0:02 | Research | Loom |
| 0:02 | Create | Villager (Male) |
| 0:03 | Create | Villager (Male) |
| 0:03 | Create | Villager (Male) |
| 0:03 | Create | Villager (Male) |
| 0:12 | Build | House |
| 2:44 | Create | Villager (Male) |
| 3:03 | Build | Palisade Wall |
| 3:48 | Create | Villager (Male) |
| 3:48 | Create | Villager (Male) |
| 5:43 | Create | Villager (Male) |
| 5:43 | Create | Villager (Male) |
| 6:34 | Create | Villager (Male) |
| 6:34 | Create | Villager (Male) |
| 6:43 | Build | House |
| 6:44 | Build | House |
| 7:14 | Create | Villager (Male) |
| 7:44 | Build | Outpost |
| 7:53 | Create | Villager (Male) |
| 8:02 | Create | Villager (Male) |
| 8:31 | Create | Villager (Male) |
| 8:31 | Create | Villager (Male) |
| 8:55 | Create | Villager (Male) |
| 8:55 | Create | Villager (Male) |
| 9:06 | Create | Villager (Male) |
| 9:06 | Create | Villager (Male) |
| 10:26 | Create | Villager (Male) |
| 10:38 | Build | Lumber Camp |
| 11:41 | Create | Villager (Male) |
| 11:41 | Create | Villager (Male) |
| 11:41 | Create | Villager (Male) |
| 11:42 | Create | Villager (Male) |
| 11:42 | Create | Villager (Male) |
| 11:42 | Create | Villager (Male) |
| 11:49 | Build | House |
| 11:51 | Build | House |
| 13:29 | Build | Mining Camp |
| 13:42 | Create | Villager (Male) |
| 13:46 | Create | Villager (Male) |
| 14:15 | Research | Feudal Age |
| 14:55 | Build | Mill |
| 16:46 | Age | Feudal Age |
| 16:55 | Build | Market |
| 17:04 | Build | Blacksmith |
| 17:09 | Create | Villager (Male) |
| 17:11 | Create | Villager (Male) |
| 17:12 | Create | Villager (Male) |
| 17:24 | Build | Stone Wall |
| 17:26 | Build | Stone Wall |
| 17:29 | Build | Stone Wall |
| 17:57 | Research | Castle Age |
| 18:29 | Build | Gate |
| 18:44 | Research | Horse Collar |
| 18:46 | Research | Double-Bit Axe |
| 19:02 | Build | House |
| 19:03 | Build | House |
| 19:34 | Build | Stone Wall |
| 19:49 | Create | Trade Cart |
| 19:49 | Create | Trade Cart |
| 20:25 | Build | Mining Camp |
| 20:36 | Research | Wheelbarrow |
| 20:39 | Age | Castle Age |
| 20:44 | Create | Villager (Male) |
| 20:44 | Create | Villager (Male) |
| 20:45 | Create | Villager (Male) |
| 21:25 | Build | Siege Workshop |
| 22:11 | Build | Town Center |
| 22:23 | Create | Mangonel |
| 23:38 | Build | Town Center |
| 24:49 | Build | Farm |
| 24:49 | Build | Farm |
| 24:49 | Build | Farm |
| 24:50 | Build | Farm |
| 24:50 | Build | Farm |
| 24:50 | Build | Farm |
| 24:50 | Build | Farm |
| 24:50 | Build | Farm |
| 24:51 | Build | Farm |
| 24:51 | Build | Farm |
| 24:51 | Build | Farm |
| 24:51 | Build | Farm |
| 24:52 | Build | Farm |
| 24:52 | Build | Farm |
| 24:52 | Build | Farm |
| 24:52 | Build | Farm |
| 24:53 | Build | Farm |
| 25:50 | Build | Farm |
| 25:50 | Build | Farm |
| 25:51 | Build | Farm |
| 25:51 | Build | Farm |
| 25:51 | Build | Farm |
| 25:51 | Build | Farm |
| 25:52 | Build | Farm |
| 25:52 | Build | Farm |
| 25:52 | Build | Farm |
| 26:01 | Create | Villager (Male) |
| 26:01 | Create | Villager (Male) |
| 26:02 | Create | Villager (Male) |
| 26:51 | Create | Villager (Male) |
| 26:51 | Create | Villager (Male) |
| 26:51 | Create | Villager (Male) |
| 26:56 | Build | Farm |
| 26:56 | Build | Farm |
| 26:57 | Build | Farm |
| 26:57 | Build | Farm |
| 26:57 | Build | Farm |
| 26:57 | Build | Farm |
| 26:57 | Build | Farm |
| 26:58 | Build | Farm |
| 26:58 | Build | Farm |
| 27:31 | Create | Villager (Male) |
| 27:31 | Create | Villager (Male) |
| 27:32 | Create | Villager (Male) |
| 27:38 | Build | Farm |
| 27:38 | Build | Farm |
| 27:38 | Build | Farm |
| 27:38 | Build | Farm |
| 27:39 | Build | Farm |
| 27:39 | Build | Farm |
| 27:39 | Build | Farm |
| 27:39 | Build | Farm |
| 27:39 | Build | Farm |
| 27:40 | Build | Farm |
| 27:40 | Build | Farm |
| 27:40 | Build | Farm |
| 29:17 | Build | Castle |
| 29:54 | Research | Hand Cart |
| 29:57 | Create | Villager (Male) |
| 29:57 | Create | Villager (Male) |
| 29:57 | Create | Villager (Male) |
| 29:58 | Create | Villager (Male) |
| 29:58 | Create | Villager (Male) |
| 29:58 | Create | Villager (Male) |
| 30:03 | Build | Farm |
| 30:03 | Build | Farm |
| 30:04 | Build | Farm |
| 30:04 | Build | Farm |
| 30:04 | Build | Farm |
| 30:04 | Build | Farm |
| 30:05 | Build | Farm |
| 30:05 | Build | Farm |
| 30:05 | Build | Farm |
| 30:05 | Build | Farm |
| 30:06 | Build | Farm |
| 30:06 | Build | Farm |
| 30:11 | Create | Villager (Male) |
| 30:11 | Create | Villager (Male) |
| 30:43 | Build | University |
| 31:28 | Build | Stone Wall |
| 32:30 | Create | Villager (Male) |
Build order — wlwz915964
First 150 of 301 actions detected
| 0:01 | Create | Villager (Male) |
| 0:01 | Create | Villager (Male) |
| 0:02 | Build | House |
| 0:04 | Build | House |
| 0:10 | Create | Villager (Male) |
| 0:10 | Create | Villager (Male) |
| 1:25 | Create | Villager (Male) |
| 1:58 | Build | Lumber Camp |
| 2:00 | Create | Villager (Male) |
| 2:59 | Create | Villager (Male) |
| 2:59 | Create | Villager (Male) |
| 3:06 | Create | Villager (Male) |
| 3:47 | Create | Villager (Male) |
| 4:05 | Create | Villager (Male) |
| 4:05 | Create | Villager (Male) |
| 4:26 | Build | House |
| 4:30 | Create | Villager (Male) |
| 4:49 | Build | Dock |
| 5:14 | Create | Villager (Male) |
| 5:35 | Create | Fishing Ship |
| 5:49 | Create | Villager (Male) |
| 6:12 | Create | Villager (Male) |
| 6:12 | Create | Villager (Male) |
| 6:12 | Create | Villager (Male) |
| 6:13 | Create | Villager (Male) |
| 6:17 | Create | Fishing Ship |
| 6:23 | Build | House |
| 7:12 | Create | Villager (Male) |
| 7:12 | Create | Villager (Male) |
| 7:12 | Create | Villager (Male) |
| 7:13 | Create | Villager (Male) |
| 7:41 | Create | Fishing Ship |
| 7:49 | Build | House |
| 8:16 | Build | Mill |
| 9:00 | Research | Feudal Age |
| 9:01 | Research | Feudal Age |
| 9:20 | Build | Mill |
| 10:00 | Build | Mining Camp |
| 10:04 | Create | Villager (Male) |
| 10:05 | Create | Villager (Male) |
| 10:11 | Build | House |
| 11:32 | Age | Feudal Age |
| 11:35 | Build | Market |
| 11:39 | Create | Villager (Male) |
| 12:05 | Build | Blacksmith |
| 12:30 | Build | Farm |
| 12:35 | Create | Villager (Male) |
| 13:01 | Research | Castle Age |
| 13:01 | Research | Castle Age |
| 13:17 | Create | Villager (Male) |
| 13:18 | Create | Villager (Male) |
| 13:28 | Build | House |
| 14:17 | Create | Fishing Ship |
| 14:34 | Build | Fish Trap |
| 14:39 | Build | Fish Trap |
| 15:52 | Age | Castle Age |
| 15:56 | Build | Town Center |
| 16:23 | Build | Town Center |
| 16:30 | Create | Villager (Male) |
| 16:46 | Build | Farm |
| 17:19 | Build | House |
| 17:21 | Build | House |
| 17:24 | Create | Villager (Male) |
| 17:25 | Create | Villager (Male) |
| 17:43 | Build | Farm |
| 17:52 | Create | Villager (Male) |
| 17:53 | Create | Villager (Male) |
| 17:57 | Build | Farm |
| 18:01 | Create | Villager (Male) |
| 18:02 | Create | Villager (Male) |
| 18:03 | Create | Villager (Male) |
| 18:04 | Create | Villager (Male) |
| 18:04 | Create | Villager (Male) |
| 18:04 | Create | Villager (Male) |
| 18:09 | Build | Farm |
| 18:18 | Create | Villager (Male) |
| 18:19 | Create | Villager (Male) |
| 18:20 | Create | Villager (Male) |
| 18:44 | Create | Villager (Male) ×5 |
| 18:44 | Create | Villager (Male) ×5 |
| 18:45 | Create | Villager (Male) ×5 |
| 18:45 | Create | Villager (Male) |
| 18:48 | Build | Farm |
| 18:53 | Build | Farm |
| 19:13 | Build | House |
| 19:15 | Build | House |
| 19:25 | Build | House |
| 19:30 | Create | Villager (Male) |
| 19:31 | Create | Villager (Male) |
| 19:37 | Build | Farm |
| 20:05 | Build | Farm |
| 20:08 | Build | House |
| 20:14 | Build | Fish Trap |
| 20:20 | Create | Villager (Male) ×5 |
| 20:25 | Build | House |
| 20:40 | Build | House |
| 20:43 | Build | Farm |
| 20:50 | Build | Farm |
| 20:55 | Build | Farm |
| 20:57 | Create | Villager (Male) |
| 21:04 | Build | House |
| 21:05 | Build | House |
| 21:06 | Build | House |
| 21:14 | Create | Villager (Male) |
| 21:18 | Build | Farm |
| 21:21 | Build | Farm |
| 21:24 | Create | Villager (Male) ×4 |
| 21:31 | Build | Farm |
| 21:43 | Build | Lumber Camp |
| 21:46 | Build | Farm |
| 22:08 | Build | Castle |
| 22:12 | Build | Farm |
| 22:15 | Build | Farm |
| 22:18 | Create | Villager (Male) ×5 |
| 22:27 | Research | Wheelbarrow |
| 22:27 | Create | Villager (Male) |
| 22:31 | Build | Farm |
| 22:38 | Build | Farm |
| 22:46 | Create | Trade Cart |
| 22:50 | Build | House |
| 22:51 | Build | House |
| 22:54 | Research | Double-Bit Axe |
| 23:04 | Build | Farm |
| 23:07 | Create | Villager (Male) ×5 |
| 23:19 | Research | Tech 906 |
| 23:22 | Create | Fishing Ship |
| 23:51 | Build | House |
| 23:56 | Create | Villager (Male) ×5 |
| 23:59 | Build | Farm |
| 24:05 | Build | Farm |
| 24:07 | Build | Farm |
| 24:08 | Build | Farm |
| 24:16 | Build | Farm |
| 24:19 | Build | Farm |
| 24:20 | Build | Farm |
| 24:27 | Build | Farm |
| 24:29 | Build | Farm |
| 24:32 | Build | Farm |
| 24:36 | Build | Fish Trap |
| 24:42 | Build | House |
| 24:43 | Build | House |
| 24:49 | Build | Farm |
| 24:51 | Create | Fishing Ship |
| 24:55 | Build | Farm |
| 25:12 | Build | Farm |
| 25:23 | Build | Barracks |
| 25:26 | Create | Villager (Male) ×5 |
| 25:35 | Build | Fish Trap |
| 25:43 | Create | Fishing Ship |
| 25:53 | Build | House |
Build order — Jonathan Jambully
First 150 of 241 actions detected
| 0:03 | Create | Villager (Male) |
| 0:03 | Research | Loom |
| 0:04 | Create | Villager (Male) ×3 |
| 0:10 | Build | House |
| 0:11 | Build | House |
| 2:02 | Create | Villager (Male) |
| 2:30 | Create | Villager (Male) |
| 2:42 | Build | Palisade Wall |
| 2:47 | Build | Palisade Wall |
| 2:58 | Create | Villager (Male) |
| 3:44 | Build | Lumber Camp |
| 3:48 | Create | Villager (Male) ×2 |
| 4:36 | Create | Villager (Male) |
| 5:08 | Build | House |
| 5:19 | Create | Villager (Male) |
| 5:47 | Create | Villager (Male) |
| 6:22 | Create | Villager (Male) |
| 6:54 | Create | Villager (Male) |
| 7:05 | Build | House |
| 7:29 | Create | Villager (Male) |
| 8:11 | Create | Villager (Male) ×3 |
| 9:03 | Build | Mining Camp |
| 9:06 | Build | House |
| 9:13 | Create | Villager (Male) |
| 9:34 | Build | Mill |
| 9:40 | Build | Mining Camp |
| 9:45 | Build | House |
| 9:48 | Create | Villager (Male) |
| 10:22 | Create | Villager (Male) |
| 10:50 | Create | Villager (Male) |
| 11:10 | Research | Feudal Age |
| 11:21 | Build | Mill |
| 12:29 | Create | Villager (Male) |
| 12:29 | Create | Villager (Male) |
| 12:31 | Create | Villager (Male) |
| 13:25 | Age | Feudal Age |
| 13:58 | Build | Market |
| 14:02 | Research | Double-Bit Axe |
| 14:05 | Research | Gold Mining |
| 14:08 | Research | Stone Mining |
| 14:11 | Create | Villager (Male) |
| 14:20 | Build | Farm |
| 14:48 | Build | Farm |
| 15:19 | Create | Villager (Male) |
| 15:19 | Create | Villager (Male) |
| 15:24 | Build | Farm |
| 15:39 | Create | Villager (Male) |
| 16:02 | Build | House |
| 16:03 | Build | House |
| 16:11 | Create | Villager (Male) |
| 16:17 | Build | Farm |
| 16:42 | Build | Farm |
| 16:49 | Build | Blacksmith |
| 16:56 | Create | Villager (Male) |
| 17:06 | Build | Farm |
| 17:26 | Create | Villager (Male) |
| 17:32 | Build | Farm |
| 17:52 | Create | Villager (Male) |
| 18:04 | Build | Lumber Camp |
| 18:11 | Build | Farm |
| 18:20 | Build | Farm |
| 18:22 | Research | Castle Age |
| 18:28 | Build | Farm |
| 18:44 | Research | Horse Collar |
| 19:44 | Create | Villager (Male) |
| 19:45 | Create | Villager (Male) |
| 19:45 | Create | Villager (Male) |
| 19:46 | Create | Villager (Male) |
| 20:02 | Build | Mill |
| 20:36 | Build | Barracks |
| 21:02 | Age | Castle Age |
| 21:06 | Research | Heavy Plow |
| 21:10 | Research | Bow Saw |
| 21:34 | Build | Town Center |
| 21:39 | Build | Monastery |
| 21:45 | Create | Villager (Male) |
| 22:03 | Create | Villager (Male) |
| 22:13 | Research | Gold Shaft Mining |
| 22:29 | Create | Monk |
| 22:49 | Build | Castle |
| 22:56 | Create | Villager (Male) |
| 23:14 | Build | Farm |
| 23:19 | Create | Villager (Male) |
| 23:43 | Create | Monk |
| 23:55 | Create | Villager (Male) ×5 |
| 24:09 | Build | Town Center |
| 24:18 | Build | Farm |
| 24:20 | Build | Farm |
| 24:22 | Create | Villager (Male) |
| 24:22 | Create | Villager (Male) |
| 24:29 | Build | Farm |
| 24:46 | Build | Farm |
| 24:53 | Build | House |
| 24:54 | Build | House |
| 24:58 | Build | House |
| 25:03 | Build | House |
| 25:07 | Create | Villager (Male) |
| 25:13 | Build | Farm |
| 25:38 | Create | Monk |
| 25:50 | Create | Villager (Male) |
| 25:54 | Create | Villager (Male) |
| 25:55 | Create | Villager (Male) |
| 26:06 | Create | Villager (Male) |
| 26:06 | Create | Villager (Male) |
| 26:06 | Create | Villager (Male) |
| 26:18 | Build | Town Center |
| 26:26 | Build | Farm |
| 26:29 | Build | Farm |
| 26:34 | Create | Villager (Male) |
| 26:34 | Create | Villager (Male) |
| 26:43 | Build | Farm |
| 26:44 | Build | Farm |
| 26:52 | Build | Stable |
| 26:53 | Build | Stable |
| 27:00 | Build | Farm |
| 27:19 | Build | Farm |
| 27:22 | Build | Farm |
| 27:32 | Build | Farm |
| 27:41 | Research | Imperial Age |
| 27:49 | Create | Villager (Male) |
| 27:49 | Create | Villager (Male) |
| 27:57 | Create | Villager (Male) |
| 28:00 | Create | Villager (Male) |
| 28:13 | Build | Farm |
| 28:16 | Build | Farm |
| 28:18 | Build | Farm |
| 28:23 | Build | Farm |
| 28:27 | Build | Farm |
| 28:33 | Build | Farm |
| 28:47 | Build | Farm |
| 28:49 | Build | Farm |
| 28:50 | Build | Farm |
| 28:54 | Create | Villager (Male) |
| 28:54 | Create | Villager (Male) |
| 28:55 | Create | Villager (Male) |
| 28:55 | Create | Villager (Male) |
| 29:03 | Research | Wheelbarrow |
| 29:08 | Create | Villager (Male) |
| 29:08 | Create | Villager (Male) |
| 29:19 | Build | Lumber Camp |
| 29:45 | Build | Farm |
| 29:47 | Create | Villager (Male) |
| 29:48 | Create | Villager (Male) |
| 30:08 | Build | Lumber Camp |
| 30:42 | Build | Farm |
| 30:45 | Research | Hand Cart |
| 30:49 | Create | Villager (Male) ×5 |
| 30:51 | Age | Imperial Age |
| 30:56 | Research | Two-Man Saw |
| 31:13 | Build | Stable |
Build order — atobar1990
First 150 of 508 actions detected
| 0:04 | Build | House |
| 0:05 | Build | House |
| 0:06 | Create | Villager (Male) |
| 0:06 | Create | Villager (Male) |
| 0:07 | Create | Villager (Male) |
| 1:36 | Create | Villager (Male) |
| 1:37 | Create | Villager (Male) |
| 2:28 | Create | Villager (Male) |
| 2:52 | Create | Villager (Male) |
| 3:20 | Create | Villager (Male) |
| 3:20 | Create | Villager (Male) |
| 3:37 | Build | House |
| 3:50 | Build | Lumber Camp |
| 4:10 | Create | Villager (Male) |
| 4:39 | Create | Villager (Male) |
| 4:39 | Create | Villager (Male) |
| 4:40 | Create | Villager (Male) |
| 4:40 | Create | Villager (Male) |
| 5:45 | Build | Mill |
| 5:47 | Create | Villager (Male) |
| 6:06 | Create | Villager (Male) |
| 6:31 | Create | Villager (Male) |
| 6:31 | Create | Villager (Male) |
| 7:13 | Create | Villager (Male) |
| 7:13 | Create | Villager (Male) |
| 7:55 | Create | Villager (Male) |
| 7:57 | Build | Mining Camp |
| 8:47 | Create | Villager (Male) |
| 9:08 | Build | Mill |
| 9:17 | Research | Feudal Age |
| 11:15 | Create | Villager (Male) |
| 11:16 | Create | Villager (Male) |
| 11:30 | Build | Blacksmith |
| 11:37 | Build | Market |
| 11:40 | Create | Villager (Male) |
| 11:41 | Create | Villager (Male) |
| 12:41 | Research | Castle Age |
| 13:12 | Research | Double-Bit Axe |
| 13:28 | Research | Horse Collar |
| 13:49 | Research | Gold Mining |
| 14:57 | Research | Stone Mining |
| 15:51 | Build | Town Center |
| 15:52 | Create | Villager (Male) |
| 15:53 | Create | Villager (Male) |
| 15:53 | Create | Villager (Male) |
| 16:29 | Build | House |
| 16:31 | Build | House |
| 16:50 | Create | Villager (Male) |
| 16:50 | Create | Villager (Male) |
| 16:57 | Build | Town Center |
| 17:17 | Create | Villager (Male) |
| 17:18 | Create | Villager (Male) |
| 17:29 | Build | Farm |
| 17:30 | Build | Farm |
| 17:32 | Build | Farm |
| 17:35 | Build | Farm |
| 17:37 | Build | Farm |
| 17:44 | Build | House |
| 17:45 | Build | House |
| 17:49 | Create | Villager (Male) |
| 17:50 | Create | Villager (Male) |
| 17:56 | Build | Farm |
| 18:04 | Create | Villager (Male) |
| 18:05 | Create | Villager (Male) |
| 18:09 | Build | Farm |
| 18:38 | Create | Villager (Male) |
| 18:39 | Create | Villager (Male) |
| 18:52 | Create | Villager (Male) |
| 18:52 | Create | Villager (Male) |
| 19:02 | Create | Villager (Male) |
| 19:02 | Create | Villager (Male) |
| 19:06 | Build | House |
| 19:08 | Build | House |
| 19:28 | Create | Villager (Male) |
| 19:30 | Create | Villager (Male) |
| 19:37 | Create | Villager (Male) |
| 19:44 | Create | Villager (Male) |
| 19:45 | Create | Villager (Male) |
| 19:56 | Create | Villager (Male) |
| 20:15 | Build | House |
| 20:16 | Build | House |
| 20:34 | Create | Villager (Male) |
| 20:41 | Create | Villager (Male) |
| 20:43 | Create | Villager (Male) |
| 20:44 | Create | Villager (Male) |
| 21:06 | Create | Villager (Male) |
| 21:18 | Create | Villager (Male) |
| 21:18 | Create | Villager (Male) |
| 21:31 | Create | Villager (Male) |
| 21:35 | Create | Villager (Male) |
| 21:42 | Build | Farm |
| 21:43 | Build | Farm |
| 21:44 | Build | Farm |
| 21:46 | Build | Farm |
| 21:47 | Build | Farm |
| 21:49 | Build | Farm |
| 21:50 | Build | Farm |
| 21:51 | Build | Farm |
| 22:01 | Build | House |
| 22:02 | Build | House |
| 22:03 | Build | House |
| 22:08 | Build | Monastery |
| 22:15 | Create | Villager (Male) |
| 22:25 | Build | Farm |
| 22:26 | Build | Farm |
| 22:27 | Build | Farm |
| 22:29 | Build | Farm |
| 22:31 | Build | Farm |
| 22:34 | Build | Farm |
| 22:35 | Build | Farm |
| 22:36 | Build | Farm |
| 22:38 | Build | Mill |
| 22:41 | Create | Villager (Male) |
| 22:42 | Create | Villager (Male) |
| 22:55 | Create | Monk |
| 22:59 | Create | Villager (Male) |
| 23:00 | Create | Villager (Male) |
| 23:19 | Create | Villager (Male) |
| 23:19 | Create | Villager (Male) |
| 23:21 | Create | Villager (Male) |
| 23:21 | Create | Villager (Male) |
| 23:22 | Create | Villager (Male) |
| 23:22 | Create | Villager (Male) |
| 23:23 | Create | Villager (Male) |
| 23:28 | Build | Farm |
| 23:30 | Build | Farm |
| 23:39 | Build | Castle |
| 23:48 | Create | Villager (Male) |
| 23:49 | Create | Villager (Male) |
| 23:49 | Create | Villager (Male) |
| 23:50 | Create | Villager (Male) |
| 24:07 | Build | Mining Camp |
| 24:24 | Create | Villager (Male) |
| 24:24 | Create | Villager (Male) |
| 24:25 | Create | Villager (Male) |
| 24:26 | Create | Villager (Male) |
| 24:27 | Create | Villager (Male) |
| 24:28 | Create | Villager (Male) |
| 24:32 | Build | House |
| 24:35 | Build | House |
| 24:36 | Build | House |
| 24:41 | Build | Farm |
| 25:08 | Build | Farm |
| 25:10 | Build | Farm |
| 25:13 | Build | Farm |
| 25:14 | Build | Farm |
| 25:16 | Build | Farm |
| 25:20 | Create | Villager (Male) |
| 25:21 | Create | Villager (Male) |
| 25:22 | Create | Villager (Male) |
Build order — g u d h e l
First 150 of 317 actions detected
| 0:05 | Research | Loom |
| 0:05 | Create | Villager (Male) ×4 |
| 0:10 | Build | House |
| 0:11 | Build | House |
| 0:35 | Build | Palisade Wall |
| 0:42 | Build | Palisade Wall |
| 0:49 | Build | Palisade Wall |
| 1:47 | Build | Mule Cart |
| 2:15 | Create | Villager (Male) |
| 3:19 | Build | Mule Cart |
| 3:25 | Create | Villager (Male) |
| 3:28 | Create | Villager (Male) |
| 3:30 | Create | Villager (Male) |
| 4:29 | Create | Villager (Male) |
| 4:29 | Create | Villager (Male) |
| 4:56 | Build | House |
| 4:59 | Build | House |
| 5:11 | Create | Villager (Male) |
| 5:32 | Create | Villager (Male) |
| 6:03 | Create | Villager (Male) |
| 6:03 | Create | Villager (Male) |
| 6:31 | Create | Villager (Male) |
| 6:33 | Create | Villager (Male) |
| 7:02 | Create | Villager (Male) |
| 7:44 | Build | Mill |
| 7:51 | Create | Villager (Male) |
| 7:51 | Create | Villager (Male) |
| 7:52 | Create | Villager (Male) |
| 8:49 | Create | Villager (Male) |
| 8:56 | Build | Mule Cart |
| 10:19 | Research | Feudal Age |
| 10:22 | Create | Villager (Male) |
| 10:22 | Create | Villager (Male) |
| 10:33 | Build | House |
| 12:29 | Age | Feudal Age |
| 12:42 | Build | Market |
| 12:58 | Build | Blacksmith |
| 13:39 | Build | Stone Wall |
| 14:02 | Build | Stone Wall |
| 14:37 | Research | Castle Age |
| 14:52 | Build | Mule Cart |
| 15:01 | Research | Double-Bit Axe |
| 15:32 | Research | Horse Collar |
| 16:20 | Research | Wheelbarrow |
| 16:50 | Build | Farm |
| 16:51 | Build | Farm |
| 16:51 | Build | Farm |
| 17:17 | Age | Castle Age |
| 17:30 | Build | Castle |
| 18:01 | Build | Town Center |
| 18:18 | Create | Villager (Male) |
| 18:22 | Research | Bow Saw |
| 18:33 | Build | Farm |
| 18:53 | Create | Villager (Male) |
| 19:17 | Create | Villager (Male) |
| 19:29 | Create | Villager (Male) |
| 19:45 | Create | Villager (Male) |
| 20:07 | Create | Villager (Male) |
| 20:12 | Create | Villager (Male) |
| 20:19 | Build | Monastery |
| 20:29 | Build | Farm |
| 20:30 | Build | Farm |
| 20:40 | Create | Villager (Male) |
| 20:44 | Create | Villager (Male) |
| 21:06 | Build | Farm |
| 21:07 | Build | Farm |
| 21:07 | Build | Farm |
| 21:08 | Build | Farm |
| 21:15 | Create | Monk |
| 21:19 | Create | Villager (Male) |
| 21:25 | Create | Villager (Male) |
| 21:34 | Build | Dock |
| 21:46 | Build | Farm |
| 21:46 | Build | Farm |
| 22:03 | Research | Heavy Plow |
| 22:11 | Build | House |
| 22:15 | Build | House |
| 22:16 | Build | House |
| 22:26 | Create | Villager (Male) |
| 22:26 | Create | Villager (Male) |
| 23:21 | Create | Villager (Male) |
| 23:21 | Create | Villager (Male) |
| 23:25 | Create | Fishing Ship |
| 23:32 | Create | Villager (Male) |
| 23:32 | Create | Villager (Male) |
| 23:39 | Build | Siege Workshop |
| 23:49 | Create | Villager (Male) |
| 23:49 | Create | Villager (Male) |
| 23:56 | Build | Farm |
| 23:56 | Build | Farm |
| 23:56 | Build | Farm |
| 24:17 | Create | Villager (Male) |
| 24:17 | Create | Villager (Male) |
| 24:19 | Create | Fishing Ship |
| 24:38 | Build | Mill |
| 24:43 | Build | Farm |
| 24:43 | Build | Farm |
| 24:43 | Build | Farm |
| 24:43 | Build | Farm |
| 24:44 | Build | Farm |
| 24:44 | Build | Farm |
| 24:44 | Build | Farm |
| 24:45 | Build | Farm |
| 24:55 | Build | Farm |
| 24:56 | Create | Villager (Male) |
| 24:57 | Create | Villager (Male) |
| 25:06 | Build | Farm |
| 25:26 | Create | Villager (Male) |
| 25:26 | Create | Villager (Male) |
| 25:51 | Build | Castle |
| 25:59 | Build | Farm |
| 26:00 | Build | Farm |
| 26:00 | Build | Farm |
| 26:00 | Build | Farm |
| 26:03 | Create | Villager (Male) |
| 26:03 | Create | Villager (Male) |
| 26:10 | Create | Villager (Male) |
| 26:11 | Create | Villager (Male) |
| 26:19 | Build | House |
| 26:23 | Build | House |
| 26:24 | Build | House |
| 26:28 | Build | House |
| 26:28 | Build | House |
| 26:38 | Research | Imperial Age |
| 26:47 | Create | Fishing Ship |
| 26:51 | Create | Villager (Male) |
| 26:51 | Create | Villager (Male) |
| 27:03 | Build | Barracks |
| 27:37 | Create | Villager (Male) |
| 27:40 | Research | Hand Cart |
| 27:48 | Research | Town Watch |
| 27:50 | Research | Fletching |
| 27:54 | Create | Villager (Male) |
| 28:03 | Build | Archery Range |
| 28:27 | Build | Archery Range |
| 28:33 | Create | Villager (Male) |
| 28:33 | Create | Villager (Male) |
| 28:39 | Build | University |
| 29:09 | Research | Gold Mining |
| 29:11 | Research | Stone Mining |
| 29:13 | Create | Villager (Male) |
| 29:14 | Create | Villager (Male) |
| 29:17 | Create | Fishing Ship |
| 29:37 | Build | Gate |
| 29:55 | Build | Mule Cart |
| 30:03 | Age | Imperial Age |
| 30:11 | Create | Trebuchet (Packed) |
| 30:11 | Create | Trebuchet (Packed) |
| 30:15 | Research | Conscription |
| 30:19 | Research | Bodkin Arrow |
Build order — 九黎皇朝
First 150 of 330 actions detected
| 0:04 | Build | House |
| 0:05 | Build | House |
| 0:08 | Research | Loom |
| 0:09 | Create | Villager (Male) |
| 0:09 | Create | Villager (Male) |
| 0:09 | Create | Villager (Male) |
| 0:09 | Create | Villager (Male) |
| 0:10 | Create | Villager (Male) |
| 0:37 | Build | Palisade Wall |
| 1:53 | Build | Palisade Wall |
| 2:11 | Create | Villager (Male) |
| 2:55 | Create | Villager (Male) |
| 3:22 | Build | Palisade Wall |
| 3:35 | Create | Villager (Male) |
| 3:35 | Create | Villager (Male) |
| 3:35 | Create | Villager (Male) |
| 3:42 | Build | Lumber Camp |
| 4:15 | Create | Villager (Male) |
| 4:34 | Create | Villager (Male) |
| 4:34 | Create | Villager (Male) |
| 5:08 | Create | Villager (Male) |
| 5:34 | Build | House |
| 6:04 | Create | Villager (Male) |
| 6:04 | Create | Villager (Male) |
| 6:15 | Create | Villager (Male) |
| 6:42 | Build | Mill |
| 7:10 | Build | House |
| 7:31 | Create | Villager (Male) |
| 7:36 | Create | Villager (Male) |
| 8:32 | Build | Mining Camp |
| 8:34 | Create | Villager (Male) |
| 8:50 | Build | House |
| 9:05 | Create | Villager (Male) |
| 9:19 | Build | Mill |
| 9:31 | Research | Feudal Age |
| 10:13 | Create | Villager (Male) |
| 10:30 | Create | Villager (Male) |
| 10:31 | Create | Villager (Male) |
| 11:19 | Build | House |
| 11:40 | Age | Feudal Age |
| 11:44 | Build | Blacksmith |
| 12:08 | Build | Market |
| 13:09 | Build | Lumber Camp |
| 13:45 | Research | Castle Age |
| 14:27 | Build | House |
| 14:34 | Create | Villager (Male) |
| 14:50 | Build | Farm |
| 16:25 | Age | Castle Age |
| 16:28 | Build | Town Center |
| 16:45 | Build | Town Center |
| 17:03 | Build | Farm |
| 17:10 | Research | Double-Bit Axe |
| 17:11 | Create | Villager (Male) |
| 17:12 | Create | Villager (Male) |
| 17:17 | Build | Farm |
| 17:23 | Build | Farm |
| 17:48 | Create | Villager (Male) |
| 17:49 | Create | Villager (Male) |
| 17:59 | Build | Farm |
| 18:00 | Build | Farm |
| 18:22 | Create | Villager (Male) |
| 18:22 | Create | Villager (Male) |
| 18:28 | Build | Farm |
| 18:34 | Build | Farm |
| 18:45 | Build | Farm |
| 18:47 | Create | Villager (Male) |
| 18:47 | Create | Villager (Male) |
| 18:56 | Create | Villager (Male) |
| 19:05 | Build | Farm |
| 19:10 | Build | Farm |
| 19:18 | Build | Farm |
| 19:22 | Create | Villager (Male) |
| 19:36 | Create | Villager (Male) |
| 19:36 | Create | Villager (Male) |
| 19:48 | Build | Farm |
| 19:56 | Build | Monastery |
| 20:00 | Create | Trade Cart |
| 20:01 | Create | Trade Cart |
| 20:02 | Create | Trade Cart |
| 20:17 | Create | Villager (Male) |
| 20:18 | Create | Villager (Male) |
| 20:24 | Build | Farm |
| 20:30 | Create | Villager (Male) ×3 |
| 20:30 | Create | Villager (Male) ×3 |
| 20:47 | Build | Barracks |
| 20:52 | Create | Monk |
| 21:00 | Create | Villager (Male) |
| 21:00 | Create | Villager (Male) |
| 21:08 | Build | Farm |
| 21:09 | Build | Farm |
| 21:10 | Build | Farm |
| 21:12 | Build | Farm |
| 21:14 | Build | Farm |
| 21:15 | Build | Farm |
| 21:19 | Create | Villager (Male) |
| 21:24 | Create | Villager (Male) |
| 21:24 | Create | Villager (Male) |
| 21:24 | Create | Villager (Male) |
| 21:46 | Research | Horse Collar |
| 21:53 | Build | Farm |
| 21:54 | Build | Farm |
| 21:55 | Build | Farm |
| 22:04 | Create | Villager (Male) ×3 |
| 22:19 | Build | House |
| 22:20 | Build | House |
| 22:36 | Research | Stone Mining |
| 22:55 | Research | Wheelbarrow |
| 22:56 | Create | Villager (Male) |
| 23:07 | Build | Farm |
| 23:29 | Create | Villager (Male) |
| 23:39 | Create | Villager (Male) |
| 23:40 | Create | Villager (Male) |
| 23:46 | Build | Farm |
| 24:20 | Build | Town Center |
| 24:24 | Create | Villager (Male) |
| 24:24 | Create | Villager (Male) |
| 24:29 | Create | Villager (Male) |
| 24:35 | Build | House |
| 24:42 | Build | House |
| 24:44 | Build | House |
| 24:45 | Build | House |
| 24:46 | Build | House |
| 24:47 | Build | House |
| 24:48 | Build | House |
| 24:50 | Research | Gold Mining |
| 24:53 | Create | Villager (Male) |
| 24:53 | Create | Villager (Male) |
| 24:54 | Create | Villager (Male) |
| 24:57 | Create | Villager (Male) |
| 24:58 | Create | Villager (Male) |
| 25:21 | Create | Trade Cart |
| 25:21 | Create | Trade Cart |
| 25:35 | Create | Villager (Male) |
| 25:35 | Create | Villager (Male) |
| 25:43 | Build | Farm |
| 25:47 | Build | Farm |
| 25:50 | Create | Villager (Male) |
| 25:50 | Create | Villager (Male) |
| 25:57 | Create | Villager (Male) |
| 25:58 | Create | Villager (Male) |
| 26:16 | Build | Farm |
| 26:18 | Build | Farm |
| 26:19 | Build | Farm |
| 26:21 | Build | Farm |
| 26:24 | Build | Farm |
| 26:29 | Create | Villager (Male) |
| 26:29 | Create | Villager (Male) |
| 26:29 | Create | Villager (Male) |
| 26:35 | Create | Villager (Male) |
| 26:36 | Create | Villager (Male) |
Match timeline
| 0:35 | g u d h e l · wall_segment Palisade Wall x3 |
| 0:37 | 九黎皇朝 · wall_segment Palisade Wall x6 |
| 0:42 | g u d h e l · wall_segment Palisade Wall x7 |
| 0:49 | g u d h e l · wall_segment Palisade Wall x3 |
| 1:53 | 九黎皇朝 · wall_segment Palisade Wall x8 |
| 2:23 | 折跃blk · wall_segment Palisade Wall x8 |
| 2:42 | Jonathan Jambully · wall_segment Palisade Wall x9 |
| 2:47 | Jonathan Jambully · wall_segment Palisade Wall x1 |
| 3:03 | 貪生PASS · wall_segment Palisade Wall x9 |
| 3:22 | 九黎皇朝 · wall_segment Palisade Wall x6 |
| 4:12 | 折跃blk · wall_segment Palisade Wall x9 |
| 4:49 | wlwz915964 · first_building Dock |
| 11:32 | wlwz915964 · age_up feudal |
| 11:40 | 九黎皇朝 · age_up feudal |
| 12:29 | g u d h e l · age_up feudal |
| 12:43 | 波多米結依 · age_up feudal |
| 13:25 | Jonathan Jambully · age_up feudal |
| 13:39 | g u d h e l · wall_segment Stone Wall x8 |
| 14:02 | g u d h e l · wall_segment Stone Wall x10 |
| 14:50 | 波多米結依 · first_building Dock |
| 15:52 | wlwz915964 · age_up castle |
| 16:25 | 九黎皇朝 · age_up castle |
| 16:46 | 貪生PASS · age_up feudal |
| 17:17 | g u d h e l · age_up castle |
| 17:24 | 貪生PASS · wall_segment Stone Wall x2 |
| 17:26 | 貪生PASS · wall_segment Stone Wall x3 |
| 17:29 | 貪生PASS · wall_segment Stone Wall x11 |
| 17:30 | g u d h e l · first_building Castle |
| 18:16 | 波多米結依 · age_up castle |
| 18:59 | 折跃blk · age_up feudal |
| 19:34 | 貪生PASS · wall_segment Stone Wall x2 |
| 19:42 | atobar1990 · first_market_buy 100 food |
| 19:56 | 九黎皇朝 · first_building Monastery |
| 19:59 | 折跃blk · first_market_sell 100 wood |
| 20:19 | g u d h e l · first_building Monastery |
| 20:36 | Jonathan Jambully · first_building Barracks |
| 20:39 | 貪生PASS · age_up castle |
| 20:47 | 九黎皇朝 · first_building Barracks |
| 21:02 | Jonathan Jambully · age_up castle |
| 21:25 | 貪生PASS · first_building Siege Workshop |
| 21:33 | 折跃blk · wall_segment Stone Wall x1 |
| 21:33 | 折跃blk · wall_segment Stone Wall x1 |
| 21:34 | g u d h e l · first_building Dock |
| 21:34 | 折跃blk · wall_segment Stone Wall x1 |
| 21:39 | 折跃blk · wall_segment Stone Wall x5 |
| 21:39 | Jonathan Jambully · first_building Monastery |
| 22:08 | wlwz915964 · first_building Castle |
| 22:08 | atobar1990 · first_building Monastery |
| 22:49 | Jonathan Jambully · first_building Castle |
| 22:54 | 折跃blk · age_up castle |
| 23:12 | 折跃blk · first_market_buy 100 stone |
| 23:39 | g u d h e l · first_building Siege Workshop |
| 23:39 | atobar1990 · first_building Castle |
| 24:08 | 折跃blk · first_building Siege Workshop |
| 24:28 | 折跃blk · wall_segment Stone Wall x9 |
| 24:39 | 波多米結依 · first_building Siege Workshop |
| 25:23 | wlwz915964 · first_building Barracks |
| 25:42 | atobar1990 · first_building Barracks |
| 26:06 | wlwz915964 · first_building Stable |
| 26:21 | atobar1990 · first_building Stable |
| 26:36 | g u d h e l · first_market_buy 100 food |
| 26:52 | Jonathan Jambully · first_building Stable |
| 26:53 | 波多米結依 · first_building Castle |
| 27:03 | g u d h e l · first_building Barracks |
| 27:15 | wlwz915964 · first_building Monastery |
| 27:24 | wlwz915964 · first_building Siege Workshop |
| 28:03 | g u d h e l · first_building Archery Range |
| 29:16 | 九黎皇朝 · first_building Castle |
| 29:17 | 貪生PASS · first_building Castle |
| 29:38 | 折跃blk · first_building Monastery |
| 30:03 | g u d h e l · age_up imperial |
| 30:51 | Jonathan Jambully · age_up imperial |
| 30:51 | wlwz915964 · age_up imperial |
| 31:03 | 波多米結依 · first_building Monastery |
| 31:09 | atobar1990 · first_building Siege Workshop |
| 31:28 | 貪生PASS · wall_segment Stone Wall x16 |
| 31:38 | 折跃blk · first_building Castle |
| 32:06 | 折跃blk · first_building Barracks |
| 34:09 | 九黎皇朝 · age_up imperial |
| 34:27 | 折跃blk · first_building Archery Range |
| 35:49 | 波多米結依 · age_up imperial |
| 35:50 | 貪生PASS · first_building Barracks |
| 36:18 | 九黎皇朝 · first_building Siege Workshop |
| 36:48 | 折跃blk · age_up imperial |
| 36:52 | 貪生PASS · first_building Stable |
| 38:14 | 貪生PASS · first_market_buy 100 stone |
| 38:45 | 貪生PASS · age_up imperial |
| 40:30 | Jonathan Jambully · wall_segment Stone Wall x7 |
| 42:41 | 貪生PASS · resign |
[ AI ANALYSIS · 1 CREDIT ]
What really happened in this match?
Wolo.gg analyzes every decision: build order, eco, micro, common mistakes by bracket. Personalized analysis on WhatsApp or Discord in 30 seconds.
Civ guide
Bohemians
Map guide
Black Forest
Perfil
Jugador #18009104